 Dungeon Crawl Stone Soup version 0.31-a0-1616-gbeaec30b81 (webtiles) character file.

Game seed: 13135689549878400673

77 jestert79 the Charlatan (level 4, 35/35 HPs)
             Began as a Draconian Artificer on Jan 10, 2024.
             Was a Follower of Uskayaw.
             Quit the game on level 3 of the Dungeon on Jan 11, 2024.
             The game lasted 00:05:56 (1548 turns).

jestert79 the Charlatan (Draconian Artificer)       Turns: 1548, Time: 00:05:56

Health: 35/35      AC:  7    Str: 16    XL:     4   Next: 13%
Magic:  4/4        EV: 12    Int: 12    God:    Uskayaw [*.....]
Gold:   50         SH:  0    Dex: 11    Spells: 3/3 levels left

rFire   . . .        a - +0 mace
rCold   . . .        (no shield)
rNeg    . . .        (body armour unavailable)
rPois   .            (helmet restricted)
rElec   .            r - +0 cloak
rCorr   .            (no gloves)
SInv    .            o - +0 pair of boots
Will    .....        l - amulet of magic regeneration
Stlth   +            p - ring of flight
HPRegen 0.25/turn    (no ring)
MPRegen 0.49/turn

%: no passive effects
@: flying
A: AC +5, unfitting armour, cold-blooded
a: Renounce Religion, Stomp


You were on level 3 of the Dungeon.
You worshipped Uskayaw.
Uskayaw was noncommittal.
You visited 1 branch of the dungeon, and saw 3 of its levels.

You collected 50 gold pieces.

Inventory:

Hand Weapons
 a - a +0 mace (weapon)
 b - a +0 sling
 f - a +0 club
Armour
 o - a +0 pair of boots (worn)
 r - a +0 cloak (worn)
Jewellery
 l - an amulet of magic regeneration (around neck)
 p - a ring of flight (left hand)
Wands
 c - a wand of charming (14)
 d - a wand of iceblast (5)
 h - a wand of flame (15) (quivered)
Scrolls
 e - 2 scrolls of teleportation {unknown}
 g - 4 scrolls of identify {unknown}
 i - a scroll of revelation {unknown}
 j - a scroll of acquirement {unknown}
 k - a scroll of immolation {unknown}
 q - a scroll of enchant weapon {unknown}
 t - 2 scrolls of noise {unknown}
Potions
 m - 2 potions of heal wounds {unknown}
 n - a potion of brilliance {unknown}
 s - a potion of invisibility {unknown}
 u - a potion of berserk rage {unknown}
 v - 3 potions of curing {unknown}
 w - a potion of ambrosia {unknown}


   Skills:
 - Level 1.1 Fighting
 + Level 3.4 Maces & Flails
 - Level 2.1 Dodging
 - Level 0.8 Stealth
 - Level 3.4 Evocations


You had 3 spell levels left.
You didn't know any spells.
Your spell library contained the following spells:

 Spells                   Type           Power      Damage    Failure   Level
 Hailstorm                Conj/Ice       0%         3d5       69%         3
 Summon Ice Beast         Ice/Summ       0%         N/A       69%         3
 Sculpt Simulacrum        Ice/Alch       0%         N/A       100%        6


Dungeon Overview and Level Annotations

Branches:
Dungeon (3/15)

Altars:
Uskayaw

Shops:
D:2 ?*


Innate Abilities, Weirdness & Mutations

Your plain brown scales are hard. (AC +5)
You cannot fit into any form of body armour.
You are cold-blooded and may be slowed by cold attacks.


Message History

You sock the jackal!
You kill the jackal!
The jackal barely misses you. x2
You closely miss the jackal.
You tail-slap the jackal, but do no damage.
The jackal barely misses you. The jackal bites you. The jackal misses you. x2
You completely miss the jackal. The jackal misses you.
The jackal bites you but does no damage. x2
The jackal closely misses you.
You closely miss the jackal. The jackal closely misses you.
The jackal bites you.
The jackal bites you but does no damage.
You barely miss the jackal. The jackal barely misses you.
The jackal misses you. The jackal bites you.
You hit the jackal.
You kill the jackal!
The jackal completely misses you. The jackal barely misses you.
You sock the jackal!
You kill the jackal!
No target in view!
No target in view!
A ball python comes into view.
A ball python is nearby!
A ball python is nearby!
The ball python hisses angrily.
You see here a jackal corpse.
A bat comes into view.
The ball python closely misses you. The ball python grabs you.
The ball python constricts you.
You hit the ball python but do no damage.
You tail-slap the ball python.
You kill the ball python!
You barely miss the bat. The bat misses you. The bat barely misses you.
You hit the bat.
You kill the bat!
No target in view!
No target in view!
No target in view!
No target in view!
Are you sure you want to abandon this character and quit the game? (Confirm with "yes".)

...... #...... ##
....... .. ....... #.
....... #.# .......
#..#†...... #.@#......
# ###.#...... #.
########..†.......
#..##.................
##.....##....#_..>....
.............#........
#.........#.#.#####
##.............#
#....###..###..##


There were no monsters in sight!

Vanquished Creatures
  A gnoll (D:1)
  An adder (D:3)
  A dart slug (D:3)
  9 bats
  3 endoplasms
  3 giant cockroaches
  4 goblins
  3 hobgoblins (D:1)
  4 jackals (D:3)
  A kobold (D:3)
  A quokka (D:1)
  7 ball pythons
  3 frilled lizards
  12 rats
53 creatures vanquished.

Vanquished Creatures (others)
  A hobgoblin (D:1)
1 creature vanquished.

Grand Total: 54 creatures vanquished

Notes
Turn   | Place    | Note
-------+----------+-------------------------------------------
     0 | D:1      | jestert79 the Draconian Artificer began the quest for the
                  | Orb.
     0 | D:1      | Reached XP level 1. HP: 16/16 MP: 1/1
   129 | D:1      | Reached XP level 2. HP: 23/23 MP: 2/2
   171 | D:1      | Reached skill level 1 in Maces & Flails
   396 | D:1      | Reached XP level 3. HP: 28/28 MP: 3/3
  1080 | D:2      | Found Pagei's Magic Scroll Boutique.
  1081 | D:2      | Found Gesoupp's Assorted Antiques.
  1127 | D:2      | Found a hide-covered altar of Uskayaw.
  1465 | D:3      | Reached XP level 4. HP: 34/35 MP: 4/4
  1515 | D:3      | Found a faded altar of an unknown god.
  1522 | D:3      | Prayed at the altar of an unknown god.
  1522 | D:3      | Became a worshipper of Uskayaw the Reveller
  1522 | D:3      | Reached * piety under Uskayaw
  1548 | D:3      | Quit the game

Illustrated notes

Levels and vault maps discovered:
D:1:      dpeg_arrival_ratfight, layout_loops_cross
D:2:      layout_rooms, serial_shops, shop, shop, basic_altar,
          kennysheep_doodads, kennysheep_generic_room_11
D:3:      layout_rooms, minitemple, serial_shops, nicolae_shop_tiny_glass, shop,
          nicolae_shop_crystal, hellmonk_ecumenical_altar_lost_god

Skill      XL: |  1  2  3 |
---------------+----------+-----
Maces & Flails | 2 3 |  3.4
Fighting       | |  1.1
Dodging        | |  2.1
Stealth        | |  0.8
Evocations     | |  3.4

Action                     |  1- 3 |  4- 6 || total
---------------------------+-------+-------++-------
  Melee: Mace              |   104 |    13 ||   117
         Tailslap          |     6 |     3 ||     9
   Fire: Sling             |    29 |       ||    29
  Evoke: Wand              |     1 |       ||     1
   Stab: Sleeping          |     1 |       ||     1
 Armour: Skin              |    57 |     9 ||    66
  Dodge: Dodged            |    85 |    16 ||   101

Table legend: (Time is in decaauts)
 A = Elapsed time spent in this place.
 B = Non-inter-level travel time spent in this place.
 C = Inter-level travel time spent in this place.
 D = Time resting spent in this place.
 E = Time spent auto-exploring this place.
 F = Levels seen in this place.
 G = Mean time per level.
                   A        B        C        D        E       F      G
               +--------+--------+--------+--------+--------+-----+--------+
         Total |   1588 |   1548 |     40 |     33 |   1000 |   3 |  529.3 |
       Dungeon |   1588 |   1548 |     40 |     33 |   1000 |   3 |  529.3 |
               +--------+--------+--------+--------+--------+-----+--------+

Top non-repeatable levels by time:
     D:1: 878 daAuts
     D:2: 597 daAuts
     D:3: 113 daAuts
